 Dungeon Crawl Stone Soup version 0.17-a0-1508-ge7f3dc3 (webtiles) character file.

529 patman the Basher (level 7, -1/41 HPs)
             Began as a Gargoyle Berserker on July 10, 2015.
             Was a Believer of Trog.
             Slain by Pikel
             ... wielding a +0 whip of freezing
              (3 damage)
             ... on level 6 of the Dungeon.
             The game lasted 00:07:55 (977 turns).

patman the Basher (Gargoyle Berserker)               Turns: 977, Time: 00:07:55

Health: -1/41      AC: 10    Str: 20    XL:     7   Next: 24%
Magic:  7/7        EV: 11    Int: 10    God:    Trog [**....]
Gold:   118        SH:  0    Dex: 11    Spells: 0 memorised, 6 levels left

rFire  . . .     SeeInvis .     a - +0 mace
rCold  . . .     Clarity  .     p - +0 ring mail
rNeg   + . .     SustAt   .     (no shield)
rPois  ∞         Gourm    .     (no helmet)
rElec  +         Spirit   .     (no cloak)
rCorr  .         Warding  .     (no gloves)
rMut   .         Stasis   .     (no boots)
MR     .....                    (no amulet)
Stlth  +.........               (no ring)
                                d - +2 ring of intelligence

@: not resistant to hostile enchantments, very unstealthy
A: negative energy resistance 1, electricity resistance, unbreathing,
petrification resistance, rot immunity, AC +4
a: Burn Spellbooks, Berserk, Trog's Hand, Renounce Religion


You were on level 6 of the Dungeon.
You worshipped Trog.
Trog was pleased with you.
You were hungry.

You visited 1 branch of the dungeon, and saw 6 of its levels.

You collected 118 gold pieces.

Inventory:

Hand weapons
 a - a +0 mace (weapon)
 g - a +4 hand axe
Missiles
 j - 19 stones (quivered)
Armour
 p - a +0 ring mail (worn)
Jewellery
 d - a +2 ring of intelligence (left hand)
 n - an uncursed ring of teleportation
Magical devices
 k - a wand of fire (5)
Scrolls
 e - a scroll of magic mapping
 l - a scroll of noise
Potions
 f - a potion of mutation {unknown}
 i - a potion of resistance {unknown}
 o - a potion of ambrosia {unknown}
Comestibles
 c - 2 bread rations
 m - a beef jerky


   Skills:
 - Level 3.2 Fighting
 * Level 8.1 Maces & Flails
 - Level 2.1 Armour
 - Level 1.5 Dodging


You had 6 spell levels left.
You didn't know any spells.

Dungeon Overview and Level Annotations

Branches:
Dungeon (6/15)
 Temple: D:4-7

Altars:

Annotations:
D:6 Edmund; Pikel; WhatIsLove's ghost, experienced HOFi


Innate Abilities, Weirdness & Mutations

You are resistant to torment.
Your stone body is resilient (AC +4).
You are immune to poison.
You resist negative energy.
You are resistant to electric shocks.
You can survive without breathing.
You are immune to petrification.
You are immune to rotting.


Message History

Unknown command.
You hit Edmund but do no damage. Pikel hits you with a whip of freezing.
* * * LOW HITPOINT WARNING * * *
Pikel freezes you.
* * * LOW HITPOINT WARNING * * *
Edmund barely misses you.
Unknown command.
You barely miss Edmund. Pikel hits you but does no damage.
Edmund barely misses you. Pikel barely misses you.
Unknown command.
You barely miss Edmund. Pikel hits you with a whip of freezing.
* * * LOW HITPOINT WARNING * * *
Pikel freezes you.
* * * LOW HITPOINT WARNING * * *
Unknown command.
You hit the slave but do no damage. Pikel barely misses you.
Pikel hits you with a whip of freezing.
* * * LOW HITPOINT WARNING * * *
Pikel freezes you.
You die...

#..............##.#..#
#.##..#..#.....##.#..### #
#...........+... ...
###.##.@#.##p....##.#...
.......p#...p....##.#.#####
######..#..W...............
#.p#W.op.#####.#.####
#..#K#########.#
#..#.@p@.......#
#..#####......##.
#.....@'..........
##.#####).......... #.#
#.#######.... #.### #.#
###. #...# #.# #.#.# #.#
#.#.# #.#


You could see Edmund, Pikel (berserk), a slave and WhatIsLove's ghost.

Vanquished Creatures
  A hungry ghost (D:4)
  Menkaure (D:5)
  An ice beast (D:5)
  A crimson imp (D:5)
  2 orc wizards (D:5)
  A centaur skeleton (D:5)
  An adder (D:2)
  A worm (D:5)
  3 giant geckos
  5 orcs
  A giant cockroach (D:5)
  3 hobgoblins
  3 kobolds
  6 bats
  5 goblins
  A quokka (D:3)
  A quokka skeleton (D:4)
  5 rats
42 creatures vanquished.

Notes
Turn   | Place    | Note
--------------------------------------------------------------
     0 | D:1      | patman the Gargoyle Berserker began the quest for the Orb.
     0 | D:1      | Reached XP level 1. HP: 14/14 MP: 1/1
   101 | D:1      | Reached XP level 2. HP: 14/19 MP: 2/2
   165 | D:2      | Reached skill level 4 in Maces & Flails
   225 | D:3      | Reached XP level 3. HP: 7/23 MP: 3/3
   353 | D:4      | Noticed a hungry ghost
   370 | D:4      | Killed a hungry ghost
   370 | D:4      | Reached skill level 6 in Maces & Flails
   370 | D:4      | Reached XP level 4. HP: 19/28 MP: 4/4
   370 | D:4      | Reached XP level 5. HP: 21/32 MP: 5/5
   418 | D:5      | Entered Level 5 of the Dungeon
   457 | D:5      | Acquired Trog's second power
   485 | D:5      | Noticed an ice beast
   492 | D:5      | Killed an ice beast
   492 | D:5      | Reached skill level 7 in Maces & Flails
   492 | D:5      | Reached XP level 6. HP: 29/37 MP: 6/6
   732 | D:5      | Noticed Menkaure
   741 | D:5      | Killed Menkaure
   741 | D:5      | Reached skill level 8 in Maces & Flails
   741 | D:5      | Reached XP level 7. HP: 37/41 MP: 7/7
   823 | D:6      | Noticed WhatIsLove's ghost (experienced HOFi)
   891 | D:6      | Noticed Pikel
   922 | D:6      | Noticed Edmund
   977 | D:6      | HP: 2/41 [Pikel/whip of freezing (5)]
   977 | D:6      | Slain by Pikel

Vault maps used:
D:1:      tarquinn_simple_flora_water_f, minivault_24, kennysheep_pointless_box
D:2:      first_bread
D:3:      tso_oasis_becter, nicolae_overflow_hidden_temple
D:4:      minivault_27, yredelemnul_altar_generic
D:5:      temple_doors_e, kennysheep_boxes, uniq_menkaure, uniq_grinder
D:6:      uniq_edmund, uniq_pikel

Action                   |  1- 3 |  4- 6 |  7- 9 || total
-------------------------+-------+-------+-------++-------
Melee: Mace              |    71 |    76 |    26 ||   173
Throw: Stone             |       |     2 |       ||     2
Invok: Berserk           |     1 |     2 |     1 ||     4
       Trog's Hand       |       |       |     1 ||     1
Evoke: Wand              |       |     1 |       ||     1
  Use: Scroll            |       |     4 |       ||     4
 Stab: Sleeping          |       |     1 |       ||     1
  Eat: Chunk             |       |     3 |     2 ||     5
